 Dungeon Sprint DCSS version 0.21-a0-417-g0adc95b (webtiles) character file.

444 Ghalim the Protected (level 7, -2/50 HPs)
             Began as a Gargoyle Fighter on Nov 3, 2017.
             Was an Initiate of Okawaru.
             Slain by a centaur warrior (6 damage)
             ... in the Dungeon (Sprint I: "Red Sonja").
             The game lasted 00:01:20 (395 turns).

Ghalim the Protected (Gargoyle Fighter)              Turns: 395, Time: 00:01:20

Health: -2/50      AC: 13    Str: 26    XL:     7   Next: 3%
Magic:  7/7        EV:  8    Int:  9    God:    Okawaru [......]
Gold:   308        SH: 11    Dex:  9    Spells: 6/6 levels left

rFire    . . .     SeeInvis .   a - +0 flail
rCold    . . .     Gourm    .   c - +0 shield
rNeg     + . .     Faith    .   b - +0 scale mail
rPois    ∞         Spirit   .   (no helmet)
rElec    +         Reflect  .   (no cloak)
rCorr    .         Harm     .   (no gloves)
MR       .....     NoTele   +   (no boots)
Stlth    ..........             (no amulet)
HPRegen  0.16/turn              (no ring)
MPRegen  0.10/turn              (no ring)

@: mighty
A: negative energy resistance 1, electricity resistance, unbreathing,
petrification resistance, rot immunity, AC +4
a: Renounce Religion


You were in the Dungeon.
You worshipped Okawaru.
Okawaru was noncommittal.
You were not hungry.

You visited 1 branch You collected 308 gold pieces.

Inventory:

Hand Weapons
 a - a +0 flail (weapon)
Armour
 b - a +0 scale mail (worn)
 c - a +0 shield (worn)
Scrolls
 k - a scroll of blinking
Potions
 e - a potion of curing
 h - a potion of haste
 i - 2 potions of magic
Comestibles
 f - a bread ration


   Skills:
 + Level 8.6 Fighting
 + Level 7.5 Maces & Flails
 + Level 8.6 Armour
 + Level 8.6 Shields


You had 6 spell levels left.
You didn't know any spells.

Dungeon Overview and Level Annotations

Branches:
Dungeon (1/1)

Altars:
Cheibriados
Dithmenos
Elyvilon
Fedhas
Gozag
Hepliaklqana
Kikubaaqudgha
Nemelex Xobeh
Okawaru
Qazlal
Ru
Sif Muna
Trog
Uskayaw
Vehumet
Wu Jian
Yredelemnul
Zin
The Shining One

Shops:
D ?


Innate Abilities, Weirdness & Mutations

You are resistant to torment.
Your stone body is resilient. (AC +4)
You are immune to poison.
You resist negative energy. (rN+)
You are resistant to electric shocks. (rElec)
You can survive without breathing.
You are immune to petrification.
You are immune to rotting.


Message History

You feel much better. The centaur warrior closely misses you.
You block the centaur warrior's attack. The centaur warrior hits you.
The centaur warrior hits you!
You hit the centaur warrior.
The centaur warrior is lightly wounded.
The centaur warrior hits you. You block the centaur warrior's attack.
You sock the centaur warrior!
The centaur warrior is moderately wounded.
The centaur warrior hits you.
* * * LOW HITPOINT WARNING * * *
You block the centaur warrior's attack. x2; The centaur warrior hits you!
* * * LOW HITPOINT WARNING * * *
You sock the centaur warrior!
The centaur warrior is heavily wounded.
The centaur warrior barely misses you.
The centaur warrior hits you but does no damage.
You thump the centaur warrior!
The centaur warrior is severely wounded.
You block the centaur warrior's attack. The centaur warrior hits you.
You die...

#############
#..)..#.)'..#
').#..'..#..+
#####'#####'# ####
####..#...#(####$(#
#__####..##(#§§§§§#
#_____##'#_.§§§cc§+
#_.∩...†..._#§§§@§#
#_..__##_.#'##+####
#_____###+#.#
####### ###


You could see 2 centaur warriors.

Vanquished Creatures
  Sigmund (D)
  A yak (D)
  An ogre (D)
  A jelly (D)
  Ijyb (D)
5 creatures vanquished.

Notes
Turn   | Place    | Note
-------+----------+-------------------------------------------
     0 | D        | Ghalim the Gargoyle Fighter began the quest for the Orb.
     0 | D        | Reached XP level 1. HP: 14/14 MP: 1/1
     1 | D        | Noticed Ijyb
    11 | D        | Killed Ijyb
    11 | D        | Reached XP level 2. HP: 20/20 MP: 2/2
    11 | D        | Reached XP level 3. HP: 24/24 MP: 3/3
    14 | D        | Noticed an ogre
    20 | D        | Killed an ogre
    20 | D        | Reached XP level 4. HP: 18/32 MP: 4/4
   211 | D        | Noticed Sigmund
   220 | D        | Killed Sigmund
   220 | D        | Reached XP level 5. HP: 39/39 MP: 5/5
   220 | D        | Reached XP level 6. HP: 44/44 MP: 6/6
   233 | D        | Found an ornate altar of the Wu Jian Council.
   233 | D        | Found a deep blue altar of Sif Muna.
   235 | D        | Found a radiant altar of Vehumet.
   242 | D        | Found Lad Miyf's Magic Scroll Emporium.
   242 | D        | Found an ancient bone altar of Kikubaaqudgha.
   242 | D        | Found a hazy altar of Hepliaklqana.
   242 | D        | Found a stormy altar of Qazlal.
   242 | D        | Found a hide-covered altar of Uskayaw.
   242 | D        | Found a blossoming altar of Fedhas.
   242 | D        | Found a bloodstained altar of Trog.
   242 | D        | Found an iron altar of Okawaru.
   242 | D        | Found a basalt altar of Yredelemnul.
   242 | D        | Found a glowing golden altar of the Shining One.
   242 | D        | Found a snail-covered altar of Cheibriados.
   242 | D        | Found a sacrificial altar of Ru.
   242 | D        | Found a glowing silver altar of Zin.
   242 | D        | Found a shadowy altar of Dithmenos.
   242 | D        | Found a white marble altar of Elyvilon.
   242 | D        | Noticed a yak
   251 | D        | Killed a yak
   251 | D        | Reached XP level 7. HP: 31/50 MP: 7/7
   253 | D        | Found an opulent altar of Gozag.
   267 | D        | Found a sparkling altar of Nemelex Xobeh.
   272 | D        | Became a worshipper of Warmaster Okawaru
   376 | D        | Noticed a centaur warrior
   376 | D        | Noticed a centaur warrior
   395 | D        | Slain by a centaur warrior

Vault maps used:
D:        dungeon_sprint_1

Skill      XL: |  1  2  3  4  5  6 |
---------------+-------------------+-----
Fighting       | 4 6 7 8 |  8.6
Maces & Flails | 3 4 6 7 |  7.5
Armour         | 4 6 7 8 |  8.6
Shields        | 4 6 7 8 |  8.6

Action                   |  1- 3 |  4- 6 |  7- 9 || total
-------------------------+-------+-------+-------++-------
Melee: Flail             |    14 |    17 |     5 ||    36
  Use: Potion            |     1 |       |     2 ||     3
Armor: Scale mail        |     4 |     4 |     3 ||    11
Dodge: Dodged            |     2 |     3 |     2 ||     7
Block: Shield            |     5 |     5 |     7 ||    17

Table legend:
 A = Spawn XP
 B = Non-spawn XP
 C = Spawn XP percentage of total XP
 D = Spawn monster count
 E = Non-spawn monster count
 F = Spawn count percentage of total count
 G = Total turns spent on level
                    A         B        C        D         E        F      G
               +---------+---------+-------+---------+---------+-------+---------
         Total |       0 |     635 |   0.0 |       0 |       5 |   0.0 |   395
               +---------+---------+-------+---------+---------+-------+---------
             D |       0 |     635 |   0.0 |       0 |       5 |   0.0 |   395
               +---------+---------+-------+---------+---------+-------+---------
